 Dungeon Crawl Stone Soup version 0.32-a0-893-gf85d74f360 (webtiles) character file.

Game seed: 1707491979176569776

75560 HilariousDeathArtist the Warrior (level 15, -5/131 HPs)
             Began as a Vampire Hexslinger on Apr 3, 2024.
             Was the Champion of Beogh.
             Slain by a sun demon (7 damage)
             ... summoned by an orc high priest
             ... led by Dorog the orc apostle
             ... on level 5 of the Lair of Beasts.
             The game lasted 00:40:26 (19853 turns).

HilariousDeathArtist the Warrior (VpHs)            Turns: 19853, Time: 00:40:28

Health: -5/131     AC: 15    Str:  7    XL:     15   Next: 10%
Magic:  0/21       EV: 16    Int: 22    God:    Beogh [******]
Gold:   1260       SH:  0    Dex: 29    Spells: 14/22 levels left

rFire   + . .        a - +3 orcbow (flame)
rCold   . . .        (shield currently unavailable)
rNeg    + . .        o - quicksilver dragon scales
rPois   .            z - +0 helmet
rElec   .            Z - +0 cloak of Slimy Brilliance {rF+ rCorr Stlth+}
rCorr   +            b - +2 pair of gloves
SInv    +            w - +0 pair of boots
Will    ++...        v - amulet of guardian spirit
Stlth   ++++++       f - ring of Heets {rN+ Int+5}
HPRegen 0.61/turn    e - +6 ring of dexterity
MPRegen 0.17/turn

%: guardian spirit
@: about to teleport, healing quickly, studying 2 skills
A: walk on water, alive, fangs 3, see invisible, vampiric 2
a: Exsanguinate, Renounce Religion, Smiting, Recall Apostles, Blood for Blood,
Dismiss Agrik, wizard, Dismiss Nordag, priest, Dismiss Ogrik, wizard


You were on level 5 of the Lair of Beasts.
You worshipped Beogh.
Beogh was exalted by your worship.
You visited 2 branches of the dungeon, and saw 17 of its levels.
You also visited: Bailey and Ice Cave.

You collected 1323 gold pieces.
You spent 63 gold pieces at shops.

Inventory:

Hand Weapons
 a - a +3 orcbow of flaming (weapon)
   (You took it off a centaur on level 9 of the Dungeon)
Missiles
 s - 17 stones
 t - a throwing net {!d}
 C - 6 curare-tipped darts
Armour
 b - a +2 pair of gloves (worn)
   (You found it in an ice cave)
 o - quicksilver dragon scales (worn)
   (You took it off a spriggan in a bailey)
 w - a +0 pair of boots (worn)
   (You found it on level 5 of the Dungeon)
 z - a +0 helmet (worn)
   (You took it off Robin on level 4 of the Dungeon)
 Z - the +0 cloak of Slimy Brilliance (worn) {rF+ rCorr Stlth+}
   (You found it on level 9 of the Dungeon)

   rF+:       It protects you from fire.
   rCorr:     It protects you from acid and corrosion.
   Stlth+:    It makes you more stealthy.
Jewellery
 e - a +6 ring of dexterity (right hand)
   (You found it on level 9 of the Dungeon)
 f - the ring of Heets (left hand) {rN+ Int+5}
   (You found it in an ice cave)

   [ring of positive energy]

   Int+5:     It affects your intelligence (+5).
   rN+:       It protects you from negative energy.
 k - a ring of flight {+Fly, !d}
   (You found it on level 5 of the Lair of Beasts)
 v - an amulet of guardian spirit (around neck)
   (You took it off a goblin on level 2 of the Dungeon)
 F - a ring of protection from fire {rF+, !d}
   (You found it on level 8 of the Dungeon)
 W - a ring of willpower
   (You found it on level 10 of the Dungeon)
 X - a ring of resist corrosion
   (You found it on level 9 of the Dungeon)
Wands
 d - a wand of digging (3)
   (You found it on level 8 of the Dungeon)
 i - a wand of iceblast (29)
   (You found it on level 8 of the Dungeon)
 j - a wand of polymorph (30)
   (You found it on level 4 of the Dungeon)
 n - a wand of light (9)
   (You found it on level 5 of the Dungeon)
 p - a wand of paralysis (11)
   (You found it on level 8 of the Dungeon)
 q - a wand of flame (10)
   (You found it on level 5 of the Lair of Beasts)
 y - a wand of mindburst (18)
   (You took it off a goblin on level 8 of the Dungeon)
Scrolls
 c - a scroll of brand weapon
 m - 3 scrolls of enchant weapon
 u - 3 scrolls of fog
 x - 2 scrolls of revelation
 A - 3 scrolls of poison {!r}
 D - 2 scrolls of blinking {!r}
 E - a scroll of fear
 K - a scroll of immolation {!r}
 O - 2 scrolls of silence
 S - 2 scrolls of identify {@r1}
 T - a scroll of enchant armour {unknown}
 V - 3 scrolls of amnesia
 Y - 5 scrolls of teleportation {@r3}
Potions
 g - 2 potions of attraction {!q}
 r - a potion of enlightenment
 B - 2 potions of brilliance
 G - 2 potions of ambrosia {!q}
 H - 2 potions of haste
 I - a potion of invisibility
 J - 2 potions of curing {@q1}
 L - a potion of cancellation
 M - a potion of magic
 N - a potion of heal wounds {@q2}
 P - 6 potions of lignification {!q}
 R - a potion of resistance
 U - 4 potions of mutation {!q}
Miscellaneous
 h - a sack of spiders (inert)
   (You found it on level 10 of the Dungeon)
 l - a condenser vane
   (You found it on level 3 of the Lair of Beasts)
 Q - a Gell's gravitambourine (inert)
   (You found it on level 9 of the Dungeon)


   Skills:
 + Level 16.2 Fighting
 - Level 11.0 Ranged Weapons
 + Level 10.1 Dodging
 + Level 10.2 Stealth
 + Level 4.4 Spellcasting
 + Level 8.2 Hexes
 - Level 0.7 Fire Magic
 + Level 6.8 Ice Magic
 * Level 6.7 Invocations
 * Level 5.9 Evocations


You had 14 spell levels left.
You knew the following spells:

 Your Spells              Type           Power      Damage    Failure   Level
a - Metabolic Englaciati  Hex/Ice        19%        N/A       43%         5
b - Sigil of Binding      Hex            41%        N/A       3%          3

Your spell library contained the following spells:

 Spells                   Type           Power      Damage    Failure   Level
 Jinxbite                 Hex            82%        N/A       1%          2
 Tukima's Dance           Hex            41%        N/A       3%          3
 Frozen Ramparts          Ice            70%        1d11      7%          3
 Ozocubu's Armour         Ice            35%        N/A       7%          3
 Cause Fear               Hex            20%        N/A       13%         4
 Inner Flame              Hex/Fire       24%        N/A       19%         3
 Sandblast                Erth           8%         2d5       36%         1
 Scorch                   Fire           16%        2d5       41%         2
 Mercury Vapours          Alch/Air       8%         N/A       50%         2
 Sublimation of Blood     Necr           4%         N/A       50%         2
 Dimensional Bullseye     Hex/Tloc       11%        N/A       56%         4
 Volatile Blastmotes      Fire/Tloc      12%        2d11      69%         3
 Call Canine Familiar     Summ           4%         N/A       75%         3
 Mephitic Cloud           Conj/Alch/Air  4%         N/A       75%         3
 Passwall                 Erth           4%         N/A       75%         3
 Stone Arrow              Conj/Erth      8%         3d7       75%         3
 Yara's Violent Unravell  Hex/Alch       11%        3d6       89%         5
 Flame Wave               Conj/Fire      6%         2d5       97%         4
 Brom's Barrelling Bould  Conj/Erth      4%         2d3       98%         4
 Passage of Golubria      Tloc           4%         N/A       98%         4
 Petrify                  Alch/Erth      4%         N/A       98%         4
 Vhi's Electric Charge    Tloc/Air       8%         N/A       98%         4
 Freezing Cloud           Conj/Ice/Air   7%         6-21      99%         5
 Arcjolt                  Conj/Air       2%         1d12      100%        5
 Irradiate                Conj/Alch      2%         3d12      100%        5
 Summon Forest            Summ/Tloc      2%         N/A       100%        5
 Bombard                  Conj/Erth      2%         9d1       100%        6
 Eringya's Noxious Bog    Alch           2%         4d6       100%        6
 Plasma Beam              Fire/Air       3%         2x1d13    100%        6
 Sculpt Simulacrum        Ice/Alch       9%         N/A       100%        6
 Summon Cactus Giant      Summ           2%         N/A       100%        6
 Ozocubu's Refrigeration  Ice            17%        4d11      100%        7
 Summon Hydra             Summ           2%         N/A       100%        7
 Polar Vortex             Ice            17%        12d2*     100%        9


Dungeon Overview and Level Annotations

Branches:
Dungeon (12/15)            Temple (0/1) D:4            Lair (5/5) D:9
 Shoals (0/4) Lair:3        Snake (0/4) Lair:3        Slime (0/5) Lair:5
    Orc (0/2) D:10         Bailey (visited)           IceCv (visited)

Altars:
Cheibriados
Nemelex Xobeh
Okawaru
Qazlal
Ru
Trog
Uskayaw
Vehumet
Wu Jian
Xom
Yredelemnul
Beogh

Shops:
D:10 [

Annotations:
D:10 3 runed translucent doors, GnamariM's ghost, novice DECj
Lair:2 3 runed translucent doors, bigduke15's ghost, journeyman CoGl


Innate Abilities, Weirdness & Mutations

You can walk on water.
Your facial features are unmistakably orcish.
Your natural rate of healing is accelerated.
You have razor-sharp teeth.
You have supernaturally acute eyesight. (SInv)
You are afflicted with vampirism and can become a bat while bloodless.


Message History

The zap hits the hellwing!
The zap hits the withered plant!!
The withered plant begins to crumble.
The withered plant begins to die.
The hellwing barely misses you. The hellwing hits you.
An orc knight comes into view.
It is wielding a +3 great sword and wearing a +2 plate armour of cold resistance.
The hellwing hits Agrik!
The hellwing misses Agrik.
You take 7 damage, and have 103/131 hp.
You now have 16/21 mp.
Fire: a) +3 orcbow (flame)
Press: ? - help, Q - select action, (/) - cycle Shift-Dir - straight line, f - orc high priest
Aim: an orc high priest, wielding a +0 halberd and wearing a +0 chain mail (lightly wounded, durably summoned, bound in place, 74% to hit)
You shoot an arrow. The arrow barely misses the orc knight.
The arrow hits the orc high priest!
The arrow burns the orc high priest.
Your +0 trident hits the hellwing from afar!
Nordag hits the hellwing with the +8 flail "Cohoshei".
Nordag freezes the hellwing.
Your +0 trident hits the hellwing but does no damage.
Agrik hits the hellwing but does no damage.
The hellwing looks as sick as possible!
The hellwing closely misses Agrik.
The hellwing misses Agrik.
The hellwing hits you!
The hellwing hits you but does no damage.
Nordag hits the hellwing with the +8 flail "Cohoshei".
Nordag freezes the hellwing.
The hellwing dies!
You take 10 damage, and have 93/131 hp.
You now have 15/21 mp.
Fire: a) +3 orcbow (flame)
Press: ? - help, Q - select action, (/) - cycle Shift-Dir - straight line, f/p - orc high priest
Aim: an orc high priest, wielding a +0 halberd and wearing a +0 chain mail (moderately wounded, durably summoned, ally target, bound in place, 74% to hit)
You shoot an arrow. The arrow hits the orc knight!
The arrow burns the orc knight.
Agrik gestures wildly while chanting.
Agrik conjures some foxfire!
The hellwing barely misses you. x2
The orc high priest utters an invocation to Beogh.
Dorog the orc apostle comes into view.
She is wielding the +9 dagger of Wuwe {speed, *Noise Str+2 Dex+3 SInv} and wearing a +0 robe of willpower.
You swap places.
The foxfire hits the hellwing.
The foxfire hits the orc knight.
The orc high priest utters an invocation to Beogh.
Dorog casts a spell.
Flames lash you. You resist.
Your fire resistance burns away!
The orc knight hits you with a +3 great sword!
The hellwing hits Nordag.
The hellwing closely misses Nordag.
There is a large open door, spattered with blood here.
You take 15 damage, and have 79/131 hp.
You now have 12/21 mp.
You shoot an arrow.
The arrow closely misses the orc knight.
The arrow hits the rust devil.
You feel less vulnerable to fire.
The withered plant crumbles away.
Your +0 trident hits the orc knight but does no damage.
The sun demon hits you!
You are engulfed in flames.
You resist.
The orc high priest mumbles some strange prayers to Beogh against you.
Beogh smites you!
The orc knight hits you with a +3 great sword!!
* * * LOW HITPOINT WARNING * * *
The hellwing closely misses Agrik.
The hellwing hits Agrik!
Your +0 trident hits the orc knight but does no damage.
Nordag hits the orc knight with the +8 flail "Cohoshei".
Agrik casts a spell.
Agrik conjures some foxfire!
You take 44 damage, and have 35/131 hp.
MASSIVE DAMAGE!!
You now have 5/21 mp.
The foxfire hits the hellwing.
Your +0 trident hits the orc knight from afar.
The sun demon attacks as it pursues you!
The sun demon completely misses you.
The orc high priest mumbles some strange prayers to Beogh against you.
Beogh smites you!
* * * LOW HITPOINT WARNING * * *
The orc knight hits Nordag with a +3 great sword!!
The hellwing hits you but does no damage.
The hellwing misses you.
Dorog mumbles some strange words.
Flames lash you. You resist.
* * * LOW HITPOINT WARNING * * *
Your fire resistance burns away!
Nordag hits the orc knight with the +8 flail "Cohoshei".
Your +0 trident hits the orc knight from afar!
Agrik hits the sun demon but does no damage.
You take 9 damage, and have 26/131 hp.
You now have 3/21 mp.
Unknown command.
You feel less vulnerable to fire.
Your +0 trident hits the hellwing but does no damage.
Agrik hits the sun demon with the +2 dagger "Ylompe".
The sun demon is poisoned.
There is a large open door here.
Your +0 trident hits the hellwing from afar!
The sun demon hits you.
* * * LOW HITPOINT WARNING * * *
You are engulfed in flames!
You resist.
* * * LOW HITPOINT WARNING * * *
You take 8 damage, and have 18/131 hp.
You now have 2/21 mp.
As you read the scroll of teleportation {@r3}, it crumbles to dust.
You feel strangely unstable.
The hellwing barely misses you. x2; Nordag closely misses the sun demon.
The sun demon hits you!!
* * * LOW HITPOINT WARNING * * *
You are engulfed in flames!
You resist.
You die...
Beogh appreciates the sun demon's killing of a heretic priest.

.P.##.P.##...# #...#
P.P.....##..)# #..P#
.P......♣#P..#####...##
....##.o♣#PP.'..ß##...#
.....##o.######o4o...##
.##.####.♣# #o.4o'(...#
###.###..P♣ #.####oo..#
#....#....♣##.#..3..###
.....#....♣#..#.@4.##
..........##.##..#.#
......P..###.#...###
........♣#P.P#ß.ß#
#...P...##.####'##
....##..#..#~...#
#.......#.##~≈~..#
........#.#~~≈≈~~#
.~~~~~~.#.#.~≈≈≈~#


You could see a sun demon (summoned, very poisoned), a hellwing (ally target),
the friendly Agrik the orc apostle, the friendly Nordag the orc apostle
(corroded) and a friendly +0 trident (summoned).

Vanquished Creatures
  A hydra (Lair:2)
  9 death yaks
  5 two-headed ogres
  Sonja (D:12)
  A spectral anaconda (Lair:5)
  An orc sorcerer (Lair:5)
  2 necromancers
  An orc apostle (IceCv)
  2 oklob plants (Lair:5)
  An ugly thing (D:6)
  A cyclops (D:12)
  4 slime creatures (D:12)
  4 black mambas
  4 elephants
  A gargoyle (D:10)
  An ice statue (IceCv)
  Maggie (D:8)
  13 cane toads
  5 rime drakes
  3 freezing wraiths
  9 komodo dragons
  An anaconda simulacrum (IceCv)
  12 ice devils (IceCv)
  Psyche (D:8)
  2 trolls
  A merfolk (Lair:3)
  4 polar bears
  A hellwing (Lair:5)
  3 blink frogs
  12 dream sheep
  2 centaur simulacra (D:12)
  A dire elephant simulacrum (IceCv)
  A spriggan (Bailey)
  A water elemental (D:11)
  27 yaks
  3 shadows
  A vampire (D:11)
  A spriggan (shapeshifter) (D:9)
  5 wyverns
  2 wraiths (D:11)
  3 basilisks
  A steam dragon (Bailey)
  A hog (shapeshifter) (D:9)
  4 death yak simulacra (IceCv)
  A harpy simulacrum (IceCv)
  3 nagas (Lair:3)
  3 acid dragons
  8 water moccasins
  2 hydra simulacra (IceCv)
  5 black bears
  Duvessa (D:7)
  A sky beast (D:6)
  An ice beast (D:5)
  3 ogres
  24 wolves
  2 phantoms
  2 centaurs
  3 kobold brigands
  9 bullfrogs
  2 scorpions
  A wyvern zombie (D:6)
  2 cane toad simulacra (IceCv)
  A water moccasin zombie (D:6)
  A gnoll sergeant (D:9)
  Dowan (D:7)
  A water moccasin skeleton (D:6)
  3 elephant simulacra (IceCv)
  13 electric eels
  3 bullfrog zombies (D:6)
  8 howler monkeys
  4 jellies
  A crimson imp (Lair:2)
  3 bombardier beetles (D:5)
  A centaur zombie (D:6)
  2 hounds
  A bullfrog skeleton (D:6)
  4 orc priests
  A centaur skeleton (D:6)
  5 iguanas
  4 sleepcaps
  7 orc wizards
  Terence (D:3)
  7 hell rats
  A polar bear simulacrum (IceCv)
  A statue (D:9)
  A troll simulacrum (IceCv)
  4 wolf simulacra (IceCv)
  A killer bee zombie (D:6)
  Robin (D:4)
  6 adders
  6 gnolls
  A naga simulacrum (IceCv)
  A shadow imp (D:7)
  3 white imps
  5 ufetubi
  3 dart slugs
  A ribbon worm (D:4)
  16 orcs
  3 bats
  3 endoplasms
  3 giant cockroaches
  17 goblins
  10 hobgoblins
  4 jackals (D:4)
  2 quokkas (D:3)
  5 ball pythons
  A frilled lizard (D:3)
  24 kobolds
  4 rats
432 creatures vanquished.

Vanquished Creatures (collateral kills)
  Rupert (Lair:3)
  A dire elephant (Lair:5)
  Snorg (Lair:3)
  A hydra (Lair:5)
  A two-headed ogre (Bailey)
  5 death yaks
  The ghost of jamsaran the Summoner, a journeyman TeSu of Nemelex Xobeh (D:9)
  2 skysharks (Lair:5)
  An obsidian statue (Lair:5)
  An ugly thing (D:9)
  A manticore (D:11)
  An oklob plant (Lair:5)
  3 black mambas
  5 elephants
  A moth of wrath (D:9)
  3 komodo dragons
  An unseen horror (D:12)
  An unseen horror (shapeshifter) (D:9)
  A rime drake (Lair:3)
  An anaconda simulacrum (IceCv)
  4 freezing wraiths
  A hellwing (Lair:5)
  A polar bear (Lair:3)
  2 merfolk (Lair:3)
  16 dream sheep
  4 blink frogs
  A spectral elephant (Lair:5)
  A centaur simulacrum (D:12)
  4 slime creatures (D:12)
  5 spriggans (Bailey)
  A water elemental (D:11)
  17 yaks
  A wyvern (D:9)
  A wraith (D:11)
  3 vampire mosquitoes
  An acid dragon (D:11)
  2 death yak simulacra
  A hydra simulacrum (IceCv)
  2 water moccasins (D:9)
  An orc warrior (D:12)
  A black bear (Lair:4)
  A laughing skull (D:9)
  An elephant skeleton (Lair:5)
  3 ogres (Bailey)
  A wolf (Lair:3)
  A kobold brigand (D:9)
  A cane toad simulacrum (IceCv)
  A bullfrog (Lair:3)
  An orc priest (D:11)
  5 hell rats (Lair:5)
  An orc wizard (D:11)
  A polar bear simulacrum (IceCv)
  A troll simulacrum (IceCv)
  2 wolf simulacra (IceCv)
  4 gnolls (D:9)
  An ufetubus (IceCv)
  An orc (D:11)
  3 foxfires
132 creatures vanquished.

Vanquished Creatures (others)
  8 orc apostles
  An orc wizard (D:6)
  4 orcs
  228 foxfires
241 creatures vanquished.

Grand Total: 805 creatures vanquished

Notes
Turn   | Place    | Note
-------+----------+-------------------------------------------
     0 | D:1      | HilariousDeathArtist the Vampire Hexslinger began the quest
                  | for the Orb.
     0 | D:1      | Reached XP level 1. HP: 14/14 MP: 2/2
   304 | D:1      | Reached skill level 2 in Ranged Weapons
   469 | D:1      | Reached XP level 2. HP: 20/20 MP: 3/3
   472 | D:1      | Learned a level 2 spell: Jinxbite
  1113 | D:2      | Found an ornate altar of the Wu Jian Council.
  1434 | D:2      | Reached skill level 3 in Ranged Weapons
  1434 | D:2      | Gained mutation: You are afflicted with vampirism and can
                  | become a bat while bloodless. [Vampire growth]
  1434 | D:2      | Reached XP level 3. HP: 24/25 MP: 1/4
  1527 | D:3      | Found a stormy altar of Qazlal.
  1635 | D:3      | Reached XP level 4. HP: 31/31 MP: 5/5
  1683 | D:3      | Noticed Terence
  1696 | D:3      | Killed Terence
  1697 | D:3      | Reached skill level 4 in Ranged Weapons
  2246 | D:3      | Learned a level 3 spell: Sigil of Binding
  2316 | D:4      | Reached XP level 5. HP: 36/36 MP: 6/6
  2338 | D:4      | Became a worshipper of Beogh the Shepherd
  2378 | D:4      | Found a staircase to the Ecumenical Temple.
  2421 | D:4      | Noticed a phantom
  2440 | D:4      | Killed a phantom
  2441 | D:4      | Reached skill level 5 in Ranged Weapons
  2678 | D:4      | Noticed Robin
  2691 | D:4      | HP: 9/36 [goblin/+0 dagger of protection[Robin] (1)]
  2706 | D:4      | HP: 6/36 [Robin/+7 spear (7)]
  2741 | D:4      | Killed Robin
  2741 | D:4      | Reached * piety under Beogh
  2849 | D:4      | Noticed an ogre
  2907 | D:3      | Reached skill level 1 in Fighting
  2907 | D:3      | Reached XP level 6. HP: 34/43 MP: 7/7
  3174 | D:4      | HP: 10/44 [ogre/+0 giant club (19)]
  3176 | D:4      | Reached skill level 2 in Fighting
  3446 | D:5      | Entered Level 5 of the Dungeon
  3456 | D:5      | Noticed an ice beast
  3601 | D:5      | Reached skill level 3 in Fighting
  3601 | D:5      | HP: 9/47 [ice beast (7)]
  3608 | D:5      | Killed an ice beast
  3627 | D:5      | Reached skill level 4 in Fighting
  3627 | D:5      | Reached XP level 7. HP: 26/54 MP: 2/8
  3702 | D:5      | Noticed Edmund
  3704 | D:5      | Edmund changed into Edmund the howler monkey
  3704 | D:5      | Noticed Edmund
  3709 | D:5      | Killed Edmund the howler monkey
  3790 | D:5      | Reached skill level 5 in Fighting
  3918 | D:5      | Reached skill level 6 in Fighting
  4086 | D:5      | Reached XP level 8. HP: 56/65 MP: 7/9
  4422 | D:6      | Reached skill level 7 in Fighting
  4579 | D:6      | Reached skill level 8 in Fighting
  4829 | D:6      | Reached ** piety under Beogh
  4908 | D:6      | Reached skill level 9 in Fighting
  5215 | D:6      | Reached XP level 9. HP: 76/76 MP: 10/10
  5235 | D:6      | Found a hide-covered altar of Uskayaw.
  5821 | D:7      | Noticed a green ugly thing
  5838 | D:6      | Killed a green ugly thing
  5839 | D:6      | Reached skill level 10 in Fighting
  6001 | D:7      | Reached skill level 1 in Stealth
  6076 | D:7      | Found a shimmering altar of Xom.
  6156 | D:7      | Reached skill level 2 in Stealth
  6363 | D:7      | Reached skill level 3 in Dodging
  6368 | D:7      | Noticed Duvessa
  6368 | D:7      | Noticed Dowan
  6376 | D:7      | Killed Duvessa
  6377 | D:7      | Reached skill level 3 in Stealth
  6383 | D:7      | Killed Dowan
  6672 | D:8      | Noticed Maggie
  6695 | D:8      | Noticed Psyche
  6773 | D:8      | Found a flagged portal.
  6779 | D:8      | Reached *** piety under Beogh
  6799 | D:8      | Noticed Milork
  6821 | D:8      | Anointed Milork the warrior as your apostle
  6864 | Bailey   | Entered a bailey
  6887 | Bailey   | Reached skill level 4 in Stealth
  6893 | Bailey   | Reached skill level 4 in Dodging
  6903 | Bailey   | HP: 19/79 [spriggan/+0 trident (11)]
  6907 | Bailey   | Reached skill level 5 in Stealth
  6914 | Bailey   | HP: 10/79 [spriggan/+0 spear (8)]
  6919 | Bailey   | Reached skill level 11 in Fighting
  6919 | Bailey   | Reached XP level 10. HP: 16/87 MP: 1/11
  6928 | Bailey   | Noticed a two-headed ogre
  6941 | Bailey   | Killed a two-headed ogre
  6942 | Bailey   | Reached skill level 5 in Dodging
  6942 | Bailey   | Reached skill level 6 in Stealth
  7148 | Bailey   | Reached skill level 7 in Stealth
  7452 | D:8      | Identified the +2 robe "Avoytedaqo" {^Drain rN+++ Dex+4}
  7469 | D:8      | Reached skill level 6 in Dodging
  7544 | D:8      | Killed Maggie
  7569 | D:8      | Your ally Milork died
  7575 | D:8      | Killed Psyche
  7812 | D:9      | Noticed a two-headed ogre
  7825 | D:9      | Killed a two-headed ogre
  7826 | D:9      | Reached skill level 7 in Dodging
  7932 | D:9      | Found a sacrificial altar of Ru.
  7932 | D:9      | Noticed a two-headed ogre
  7934 | D:9      | Found a bloodstained altar of Trog.
  7943 | D:9      | HP: 13/89 [two-headed ogre/+0 giant club (16)]
  7948 | D:9      | Killed a two-headed ogre
  7949 | D:9      | Reached skill level 12 in Fighting
  8125 | D:9      | Reached skill level 8 in Dodging
  8151 | D:9      | Identified the +2 dagger "Ylompe" {venom, rPois rC+}
  8151 | D:9      | Noticed Agrik
  8169 | D:9      | Anointed Agrik the wizard as your apostle
  8464 | D:9      | Found a basalt altar of Yredelemnul.
  8466 | D:9      | Noticed a profane servitor
  8497 | D:9      | Found a staircase to the Lair.
  8500 | D:9      | Reached XP level 11. HP: 95/95 MP: 12/12
  8536 | D:9      | Reached skill level 1 in Invocations
  8536 | D:9      | Reached skill level 1 in Evocations
  8617 | D:9      | Found a transporter.
  8620 | D:9      | Noticed jamsaran's ghost (journeyman TeSu)
  8633 | D:9      | Found a transporter.
  8679 | D:9      | Found a runed translucent door.
  8718 | D:9      | Noticed a red ugly thing
  8730 | D:9      | Killed a red ugly thing
  8731 | D:9      | Reached skill level 2 in Invocations
  8731 | D:9      | Reached skill level 2 in Evocations
  8834 | D:9      | Identified the +6 leather armour "Ufunt" {Stlth+}
  8868 | D:9      | Identified the +2 scimitar of Bomosit {drain, ^Fragile
                  | Str+6}
  8938 | D:9      | Reached **** piety under Beogh
  9102 | D:9      | Found a radiant altar of Vehumet.
  9276 | D:9      | Noticed an angel
  9341 | D:9      | Noticed a lightning spire
  9345 | D:9      | Reached skill level 6 in Ranged Weapons
  9355 | D:9      | Your ally Milork died
  9358 | D:9      | Killed jamsaran's ghost
  9359 | D:9      | Reached skill level 7 in Ranged Weapons
  9366 | D:9      | Identified the +0 cloak of Slimy Brilliance {rF+ rCorr
                  | Stlth+}
  9487 | D:10     | Entered Level 10 of the Dungeon
  9546 | D:10     | Found Minwuza's Armour Shoppe.
  9552 | D:10     | Bought a +0 pair of gloves for 63 gold pieces
  9560 | D:10     | Noticed a boulder beetle
  9565 | D:10     | Noticed GnamariM's ghost (novice DECj)
  9570 | D:10     | Found a runed translucent gate.
  9570 | D:10     | Found a runed translucent gate.
  9570 | D:10     | Found a runed translucent gate.
  9710 | D:10     | Found a snail-covered altar of Cheibriados.
  9834 | D:10     | Noticed a two-headed ogre
  9839 | D:10     | Killed a two-headed ogre
  9863 | D:10     | Found an iron altar of Okawaru.
 10236 | D:10     | Found a staircase to the Orcish Mines.
 10247 | D:10     | Found a roughly hewn altar of Beogh.
 10254 | D:10     | Reached skill level 8 in Ranged Weapons
 10751 | D:11     | Reached ***** piety under Beogh
 10786 | D:11     | Reached skill level 9 in Ranged Weapons
 11097 | D:11     | Reached XP level 12. HP: 103/103 MP: 13/13
 11160 | D:11     | Identified the +8 flail "Cohoshei" {freeze, Str+3}
 11169 | D:11     | HP: 38/154 [Nordag the orc apostle/the +8 flail "Cohoshei"
                  | {freeze, Str+3} (7)]
 11175 | D:11     | Anointed Nordag the priest as your apostle
 11811 | D:12     | Reached skill level 10 in Ranged Weapons
 12110 | D:12     | Found the +8 frozen axe "Frostbite" {freeze, freezing
                  | cloud, *Noise Fly rC+}
 12131 | D:12     | Noticed Sonja
 12137 | D:12     | Killed Sonja
 12155 | D:12     | Noticed a two-headed ogre
 12161 | D:12     | Killed a two-headed ogre
 12336 | D:12     | Found a sparkling altar of Nemelex Xobeh.
 12391 | D:12     | Reached skill level 13 in Fighting
 12426 | D:12     | Noticed a two-headed ogre
 12436 | D:12     | Killed a two-headed ogre
 12532 | Lair:1   | Entered Level 1 of the Lair of Beasts
 12577 | Lair:1   | Found a frozen archway.
 12642 | Lair:1   | Reached skill level 14 in Fighting
 12666 | IceCv    | Entered an ice cave
 12671 | IceCv    | HP: 23/107 [wolf simulacrum (6)]
 12849 | IceCv    | Your ally Milork died
 13000 | IceCv    | Reached XP level 13. HP: 95/113 MP: 11/14
 13001 | IceCv    | Your ally Agrik died
 13078 | IceCv    | Found an ancient bone altar of Kikubaaqudgha.
 13083 | IceCv    | Was placed under penance by Beogh
 13083 | IceCv    | Your ally Nordag died
 13211 | IceCv    | Reached skill level 15 in Fighting
 13477 | IceCv    | HP: 13/108 [necromancer/bolt of negative energy (23)]
 13697 | IceCv    | Identified the ring of Heets {rN+ Int+5}
 13820 | Lair:1   | Learned a level 5 spell: Metabolic Englaciation
 14042 | Lair:1   | Reached skill level 1 in Ice Magic
 14591 | Lair:1   | Reached skill level 11 in Ranged Weapons
 14752 | Lair:2   | Reached skill level 3 in Invocations
 14754 | Lair:2   | Reached skill level 2 in Ice Magic
 14757 | Lair:2   | Reached skill level 5 in Hexes
 14788 | Lair:2   | Found a runed translucent gate.
 14788 | Lair:2   | Found a runed translucent gate.
 14788 | Lair:2   | Found a runed translucent gate.
 14792 | Lair:2   | Noticed bigduke15's ghost (journeyman CoGl)
 14907 | Lair:2   | Was forgiven by Beogh
 14923 | Lair:2   | Reached skill level 2 in Spellcasting
 15065 | Lair:2   | Reached skill level 3 in Evocations
 15254 | Lair:2   | Reached skill level 9 in Dodging
 15298 | Lair:2   | Reached skill level 3 in Ice Magic
 15370 | Lair:2   | Reached skill level 8 in Stealth
 15944 | Lair:3   | Reached skill level 4 in Invocations
 16049 | Lair:2   | Noticed Ogrik
 16121 | Lair:2   | Anointed Ogrik the wizard as your apostle
 16297 | Lair:3   | Found a staircase to the Snake Pit.
 16327 | Lair:3   | Reached skill level 6 in Hexes
 16430 | Lair:3   | Reached XP level 14. HP: 115/123 MP: 15/18
 16433 | Lair:3   | Reached skill level 4 in Ice Magic
 16685 | Lair:3   | Noticed Rupert
 16702 | Lair:3   | Killed Rupert
 16703 | Lair:3   | Reached skill level 3 in Spellcasting
 16947 | Lair:3   | Noticed Snorg
 16954 | Lair:3   | Your ally Ogrik died
 16956 | Lair:3   | Killed Snorg
 17009 | Lair:3   | Found a staircase to the Shoals.
 17301 | Lair:4   | Reached skill level 4 in Evocations
 17462 | Lair:4   | Reached skill level 5 in Invocations
 17644 | Lair:4   | Reached skill level 9 in Stealth
 17655 | Lair:4   | Reached skill level 5 in Ice Magic
 18303 | Lair:5   | Entered Level 5 of the Lair of Beasts
 18325 | Lair:5   | Your ally Ogrik died
 18326 | Lair:5   | HP: 31/124 [blink frog (6)]
 18327 | Lair:5   | Reached skill level 7 in Hexes
 18526 | Lair:5   | Reached skill level 5 in Evocations
 18703 | Lair:5   | Reached skill level 6 in Ice Magic
 18734 | Lair:5   | Reached skill level 16 in Fighting
 18734 | Lair:5   | Reached skill level 6 in Invocations
 18738 | Lair:5   | Your ally Nordag died
 18740 | Lair:5   | Reached ****** piety under Beogh
 18751 | Lair:5   | Reached skill level 4 in Spellcasting
 18756 | Lair:5   | Reached skill level 10 in Dodging
 18942 | Lair:5   | Reached skill level 10 in Stealth
 19128 | Lair:5   | Reached skill level 8 in Hexes
 19420 | Lair:5   | Found a staircase to the Slime Pits.
 19496 | Lair:5   | Your ally Ogrik died
 19562 | Lair:5   | Reached XP level 15. HP: 131/131 MP: 21/21
 19847 | Lair:5   | Identified the +9 dagger of Wuwe {speed, *Noise Str+2 Dex+3
                  | SInv}
 19850 | Lair:5   | HP: 27/131 [orc high priest/divine providence[Dorog the orc
                  | apostle] (9)]
 19853 | Lair:5   | HP: 2/131 [sun demon[Dorog the orc apostle] (17)]
 19853 | Lair:5   | Slain by a sun demon

Illustrated notes

Levels and vault maps discovered:
D:1:      amcnicky_arrival_choice, layout_loops_ring, hangedman_glass_teeth
D:2:      layout_basic, basic_altar, small_statue_intersection, grunt_decor_cap
D:3:      layout_basic, mainiacjoe_overflow_paths, uniq_terence
D:4:      layout_gridville, minmay_temple_entry_ruins, uniq_robin
D:5:      minmay_opposing_rooms, layout_cave_pools, nicolae_letterblocks
          [nicolae_letter_subblock, nicolae_letter_subblock,
          nicolae_letter_subblock, nicolae_letter_subblock,
          nicolae_letter_subblock, nicolae_letter_subblock,
          nicolae_letter_subblock, nicolae_letter_subblock,
          nicolae_letter_subblock, nicolae_letter_subblock,
          nicolae_letter_subblock, nicolae_letter_subblock,
          nicolae_letter_subblock, nicolae_letter_subblock,
          nicolae_letter_subblock, nicolae_letter_subblock,
          nicolae_letter_subblock, nicolae_letter_subblock,
          nicolae_letter_subblock, nicolae_letter_subblock,
          nicolae_letter_subblock, nicolae_letter_subblock,
          nicolae_letter_subblock, nicolae_letter_subblock,
          nicolae_letter_subblock], uniq_edmund
D:6:      layout_basic, nicolae_uskayaw_dance_studio, serial_undead,
          serial_undead_b, serial_undead_e, serial_undead_b, serial_undead_f,
          serial_bayou_lagoon_a
D:7:      layout_loops_ring, mainiacjoe_overflow_tiny_flanked,
          nicolae_zig_zag_zippers, uniq_duvessa
D:8:      layout_layer_cave, enter_bailey_5, uniq_psyche, uniq_maggie
D:9:      minmay_the_grid_triangle_9x9_recursive_2_mashed
          [minmay_the_grid_triangle_9x9_prize_top_heavy,
          minmay_the_grid_triangle_9x9_impossible_snake,
          minmay_the_grid_triangle_9x9_zippers_vertical,
          minmay_the_grid_triangle_9x9_subtriangle], layout_stronghold,
          grunt_temple_overflow_holy_war, vehumet_statue, jmf_multi_god_temple,
          gammafunk_ghost_berserking_beasts, due_unseen_surprise
D:10:     layout_basic, nicolae_overflow_crystal_walls,
          mainiacjoe_overflow_boulevard,
          mainiacjoe_overflow_concentric_impassable,
          minmay_orc_entry_temple_small, gammafunk_ghost_split, serial_shops,
          nicolae_shop_statue_plus, kennysheep_big_empty_room,
          chequers_serial_rivers_large_b
D:11:     layout_basic, kennysheep_another_room
D:12:     minmay_coctagon, layout_rooms, minivault_22,
          nemelex_xobeh_ov_fountains_minmay, uniq_sonja
Lair:1:   layout_hall_layers, portal_ice_cave_rime, grunt_megastairs_3
Lair:2:   layout_loops_ring, gammafunk_ghost_hydra_chop, minivault_27,
          serial_bayou_pond_a
Lair:3:   layout_chaotic_city, mainiacjoe_shoals_entry_four_pools,
          minmay_snake_entry_guardpost_medium,
          grunt_forest_small_clearing_treed, uniq_snorg, uniq_rupert
Lair:4:   layout_loops_ring, patterned_corridor
Lair:5:   due_jungle_book, layout_gridlike, minmay_slime_entry_oklob_open,
          grunt_megastairs_5

Skill      XL: |  1  2  3  4  5  6  7  8  9 10 11 12 13 14 |
---------------+-------------------------------------------+-----
Ranged Weapons | 2 3 4 5 9 10 11 | 11.0
Fighting       | 1 4 6 9 11 12 14 15 16 | 16.2
Stealth        | 5 7 8 10 | 10.2
Dodging        | 4 8 9 10 | 10.1
Invocations    | 2 4 6 |  6.7
Evocations     | 2 3 5 |  5.9
Ice Magic      | 3 6 |  6.8
Hexes          | 6 8 |  8.2
Spellcasting   | 2 4 |  4.4
Fire Magic     | |  0.7

Action                     |  1- 3 |  4- 6 |  7- 9 | 10-12 | 13-15 || total
---------------------------+-------+-------+-------+-------+-------++-------
  Melee: Spear             |       |    56 |   351 |   131 |       ||   538
         Bite              |       |     9 |    44 |    21 |       ||    74
   Fire: Sling             |    98 |   162 |     3 |       |       ||   263
         Orcbow            |       |       |       |   280 |   643 ||   923
  Throw: Dart              |       |     9 |     2 |     2 |       ||    13
   Cast: Jinxbite          |       |     2 |       |       |       ||     2
 Invoke: Convert to Beogh  |       |     1 |       |       |       ||     1
         Recruit Apostle   |       |       |     1 |     2 |     1 ||     4
         Recall Apostles   |       |       |       |     2 |     1 ||     3
         Dismiss Apostle   |       |       |       |       |     1 ||     1
  Evoke: Wand              |       |       |     6 |    13 |    11 ||    30
         Gell's gravitambo |       |       |       |     3 |     5 ||     8
         Sack of spiders   |       |       |       |       |     3 ||     3
         Condenser vane    |       |       |       |       |     1 ||     1
    Use: Potion            |     1 |     6 |     4 |     3 |     3 ||    17
         Scroll            |       |     9 |     4 |     9 |     3 ||    25
   Stab: Sleeping          |       |     1 |       |     1 |       ||     2
         Paralysed         |       |       |     7 |       |       ||     7
         Invisible         |       |       |       |     5 |       ||     5
         Distracted        |       |       |       |     3 |       ||     3
 Armour: Robe              |    20 |   135 |     3 |       |       ||   158
         Ring mail         |       |       |   229 |    20 |    54 ||   303
         Quicksilver drago |       |       |       |   206 |   407 ||   613
         Skin              |       |       |       |     2 |       ||     2
  Dodge: Dodged            |    30 |   163 |   160 |   230 |   468 ||  1051

Table legend: (Time is in decaauts)
 A = Elapsed time spent in this place.
 B = Non-inter-level travel time spent in this place.
 C = Inter-level travel time spent in this place.
 D = Time resting spent in this place.
 E = Time spent auto-exploring this place.
 F = Levels seen in this place.
 G = Mean time per level.
                   A        B        C        D        E       F      G
               +--------+--------+--------+--------+--------+-----+--------+
         Total |  20133 |  19398 |    735 |     87 |  15115 |  19 | 1059.6 |
       Dungeon |  12314 |  11769 |    545 |     34 |   9360 |  12 | 1026.2 |
          Lair |   6273 |   6083 |    190 |     53 |   4766 |   5 | 1254.6 |
        Bailey |    402 |    402 |      0 |      0 |    211 |   1 |  402.0 |
      Ice Cave |   1143 |   1143 |      0 |      0 |    778 |   1 | 1143.0 |
               +--------+--------+--------+--------+--------+-----+--------+

Top non-repeatable levels by time:
     D:9: 1737 daAuts
     D:6: 1568 daAuts
  Lair:2: 1491 daAuts
  Lair:5: 1425 daAuts
     D:4: 1213 daAuts
    D:11: 1197 daAuts
  Lair:4: 1167 daAuts
    D:10: 1160 daAuts
   IceCv: 1143 daAuts
  Lair:3: 1122 daAuts
  Lair:1: 1067 daAuts
     D:3: 900 daAuts
     D:2: 777 daAuts
     D:8: 769 daAuts
     D:7: 756 daAuts

Levels and vault maps discovered:
D:1:      amcnicky_arrival_choice, layout_loops_ring, hangedman_glass_teeth
D:2:      layout_basic, basic_altar, small_statue_intersection, grunt_decor_cap
D:3:      layout_basic, mainiacjoe_overflow_paths, uniq_terence
D:4:      layout_gridville, minmay_temple_entry_ruins, uniq_robin
D:5:      minmay_opposing_rooms, layout_cave_pools, nicolae_letterblocks
          [nicolae_letter_subblock, nicolae_letter_subblock,
          nicolae_letter_subblock, nicolae_letter_subblock,
          nicolae_letter_subblock, nicolae_letter_subblock,
          nicolae_letter_subblock, nicolae_letter_subblock,
          nicolae_letter_subblock, nicolae_letter_subblock,
          nicolae_letter_subblock, nicolae_letter_subblock,
          nicolae_letter_subblock, nicolae_letter_subblock,
          nicolae_letter_subblock, nicolae_letter_subblock,
          nicolae_letter_subblock, nicolae_letter_subblock,
          nicolae_letter_subblock, nicolae_letter_subblock,
          nicolae_letter_subblock, nicolae_letter_subblock,
          nicolae_letter_subblock, nicolae_letter_subblock,
          nicolae_letter_subblock], uniq_edmund
D:6:      layout_basic, nicolae_uskayaw_dance_studio, serial_undead,
          serial_undead_b, serial_undead_e, serial_undead_b, serial_undead_f,
          serial_bayou_lagoon_a
D:7:      layout_loops_ring, mainiacjoe_overflow_tiny_flanked,
          nicolae_zig_zag_zippers, uniq_duvessa
D:8:      layout_layer_cave, enter_bailey_5, uniq_psyche, uniq_maggie
D:9:      minmay_the_grid_triangle_9x9_recursive_2_mashed
          [minmay_the_grid_triangle_9x9_prize_top_heavy,
          minmay_the_grid_triangle_9x9_impossible_snake,
          minmay_the_grid_triangle_9x9_zippers_vertical,
          minmay_the_grid_triangle_9x9_subtriangle], layout_stronghold,
          grunt_temple_overflow_holy_war, vehumet_statue, jmf_multi_god_temple,
          gammafunk_ghost_berserking_beasts, due_unseen_surprise
D:10:     layout_basic, nicolae_overflow_crystal_walls,
          mainiacjoe_overflow_boulevard,
          mainiacjoe_overflow_concentric_impassable,
          minmay_orc_entry_temple_small, gammafunk_ghost_split, serial_shops,
          nicolae_shop_statue_plus, kennysheep_big_empty_room,
          chequers_serial_rivers_large_b
D:11:     layout_basic, kennysheep_another_room
D:12:     minmay_coctagon, layout_rooms, minivault_22,
          nemelex_xobeh_ov_fountains_minmay, uniq_sonja
Lair:1:   layout_hall_layers, portal_ice_cave_rime, grunt_megastairs_3
Lair:2:   layout_loops_ring, gammafunk_ghost_hydra_chop, minivault_27,
          serial_bayou_pond_a
Lair:3:   layout_chaotic_city, mainiacjoe_shoals_entry_four_pools,
          minmay_snake_entry_guardpost_medium,
          grunt_forest_small_clearing_treed, uniq_snorg, uniq_rupert
Lair:4:   layout_loops_ring, patterned_corridor
Lair:5:   due_jungle_book, layout_gridlike, minmay_slime_entry_oklob_open,
          grunt_megastairs_5

Table legend: (Time is in decaauts)
 A = Elapsed time spent in this place.
 B = Non-inter-level travel time spent in this place.
 C = Inter-level travel time spent in this place.
 D = Time resting spent in this place.
 E = Time spent auto-exploring this place.
 F = Levels seen in this place.
 G = Mean time per level.
                   A        B        C        D        E       F      G
               +--------+--------+--------+--------+--------+-----+--------+
         Total |  20133 |  19398 |    735 |     87 |  15115 |  19 | 1059.6 |
       Dungeon |  12314 |  11769 |    545 |     34 |   9360 |  12 | 1026.2 |
          Lair |   6273 |   6083 |    190 |     53 |   4766 |   5 | 1254.6 |
        Bailey |    402 |    402 |      0 |      0 |    211 |   1 |  402.0 |
      Ice Cave |   1143 |   1143 |      0 |      0 |    778 |   1 | 1143.0 |
               +--------+--------+--------+--------+--------+-----+--------+

Top non-repeatable levels by time:
     D:9: 1737 daAuts
     D:6: 1568 daAuts
  Lair:2: 1491 daAuts
  Lair:5: 1425 daAuts
     D:4: 1213 daAuts
    D:11: 1197 daAuts
  Lair:4: 1167 daAuts
    D:10: 1160 daAuts
   IceCv: 1143 daAuts
  Lair:3: 1122 daAuts
  Lair:1: 1067 daAuts
     D:3: 900 daAuts
     D:2: 777 daAuts
     D:8: 769 daAuts
     D:7: 756 daAuts

Table legend:
 A = Kills in this place as a percentage of kills in the entire game.
 B = Kills by you in this place as a percentage of kills by you in the entire game.
 C = Kills by friends in this place as a percentage of kills by friends in the entire game.
 D = Other kills in this place as a percentage of other kills in the entire game.
 E = Experience gained in this place as a percentage of experience gained in the entire game.
 F = Experience gained in this place divided by the number of levels of this place that you have seen.
                   A       B       C       D       E      F
               +-------+-------+-------+-------+-------+----------------------
         Total | 100.0 | 100.0 | 100.0 | 100.0 | 100.0 | 5681.2
       Dungeon |  50.2 |  57.6 |  26.6 |   0.0 |  26.6 | 2395.4
          Lair |  38.4 |  32.1 |  57.8 | 100.0 |  61.2 | 13208.2
        Bailey |   2.3 |   0.9 |   7.0 |   0.0 |   2.7 | 2930.0
      Ice Cave |   9.1 |   9.4 |   8.6 |   0.0 |   9.5 | 10227.0
               +-------+-------+-------+-------+-------+----------------------
